AoeStats
← PK_-_93

Arena

508422131Analyzed
2v2 RM · 11d ago on Sep 22, 2026· 36m 22s· 4 players
Game mode
Random Map
Map size
Medium (4 player)
Population
200
Speed
Normal
Resources
Standard
Victory
Conquest
Starting age
Dark Age
Ending age
Imperial Age
RankedLock teamsTeams togetherTeam positionsShared explorationLock speedFull tech treeHidden civsTurbo modeCheats
Victory
Defeat
🇺🇸 Bohemians · United States
988
+12
🇨🇳 Gurjaras · China
922
+14
🇩🇪 Japanese · Germany
908
-14
🇹🇷 Huns · Türkiye
874
-12
PK_-_93
9:54 Feudal Age
10:27 Double-Bit Axe
17:52 Castle Age
16:50 Stone Mining
17:04 Gold Mining
17:29 Town Watch
28:42 Fletching
30:47 Bodkin Arrow
32:54 Gambesons
32:57 Arson
33:12 Squires
Mert
0:31 Loom
14:17 Feudal Age
14:58 Horse Collar
15:05 Double-Bit Axe
16:22 Arson
19:31 Castle Age
21:19 Bow Saw
23:10 Heavy Plow
23:54 Town Watch
26:04 Gold Mining
27:38 Gold Shaft Mining
27:41 Squires
29:37 Wheelbarrow
29:23 Husbandry
31:01 Bloodlines
31:34 Hand Cart
31:25 Town Patrol
30:58 Light Cavalry
32:58 Stone Mining
33:16 Scale Barding Armor
33:25 Forging
34:25 Padded Archer Armor
37:51 Imperial Age
35:35 Masonry
35:48 Fletching
36:29 Murder Holes
36:42 Scale Mail Armor
Jayhawk5617
11:36 Feudal Age
13:40 Loom
15:56 Castle Age
13:43 Horse Collar
15:16 Double-Bit Axe
15:45 Horse Collar
16:19 Loom
16:55 Bow Saw
18:30 Wheelbarrow
23:35 Fletching
29:14 Imperial Age
27:45 Town Watch
28:42 Heavy Plow
29:58 Masonry
31:20 Bodkin Arrow
32:42 Ballistics
35:33 Padded Archer Armor
36:21 Wagenburg Tactics
37:56 Two-Man Saw
打不过
3:19 Loom
10:20 Feudal Age
15:53 Castle Age
15:09 Double-Bit Axe
19:24 Stone Mining
19:54 Bow Saw
19:35 Horse Collar
29:11 Imperial Age
26:47 Heavy Plow
26:33 Treadmill Crane
27:32 Herbal Medicine
27:40 Husbandry
27:53 Forging
27:49 Scale Barding Armor
28:06 Gold Mining
29:04 Bloodlines
30:09 Wheelbarrow
29:20 Town Watch
31:07 Gold Shaft Mining
31:31 Conscription
33:07 Iron Casting
33:13 Crop Rotation
32:14 Heavy Camel Rider
35:16 Stone Shaft Mining
35:50 Chemistry
35:40 Scale Barding Armor
36:23 Kshatriyas
36:31 Scale Mail Armor
Connection lost

Rejoining the realm…

Still unreachable

The connection could not be restored.

Session expired

The server has moved on; the page needs a fresh start.